 Dungeon Crawl Stone Soup version 0.21.1-1-g345015fe64 (webtiles) character file.

5788 Loge the Grappler (level 10, -10/104 HPs)
             Began as a Troll Monk on July 18, 2018.
             Was an Elder of Makhleb.
             Mangled by a black mamba (20 damage)
             ... on level 8 of the Dungeon.
             The game lasted 00:18:44 (9480 turns).

Loge the Grappler (Troll Monk)                      Turns: 9480, Time: 00:18:44

Health: -10/104    AC:  7    Str: 21    XL:     10   Next: 50%
Magic:  12/12      EV: 10    Int:  6    God:    Makhleb [****..]
Gold:   1013       SH:  0    Dex: 15    Spells: 9/9 levels left

rFire    . . .     SeeInvis .     - Unarmed
rCold    . . .     Gourm    +   (no shield)
rNeg     . . .     Faith    .   a - +0 robe
rPois    +         Spirit   .   (helmet restricted)
rElec    .         Reflect  .   l - +1 cloak
rCorr    .         Harm     .   (gloves unavailable)
MR       +....                  (boots unavailable)
Stlth    +.........             (no amulet)
HPRegen  0.67/turn              L - ring of poison resistance
MPRegen  0.13/turn              o - ring of protection from magic

@: about to teleport, heavily drained
A: large, unfitting armour, claws 3, fast metabolism 3, gourmand, regeneration
1, shaggy fur 1, tough skin 2
a: Minor Destruction, Lesser Servant of Makhleb, Major Destruction, Renounce
Religion


You were on level 8 of the Dungeon.
You worshipped Makhleb.
Makhleb was greatly pleased with you.
You were completely stuffed.

You visited 3 branches of the dungeon, and saw 12 of its levels.
You also visited: Sewer and Ossuary.

You collected 1013 gold pieces.

Inventory:

Hand Weapons
 p - a +0 blowgun
 r - a +1 whip of electrocution
Missiles
 g - 40 poisoned needles
 h - 253 stones
 z - 32 tomahawks (quivered)
 K - a throwing net
Armour
 a - a +0 robe (worn)
 l - a +1 cloak (worn)
 M - a +0 large shield
Jewellery
 i - an uncursed ring of protection from fire {unknown}
 o - a ring of protection from magic (right claw)
 L - a ring of poison resistance (left claw)
 O - an uncursed ring of positive energy {unknown}
Wands
 n - a wand of acid (20)
 s - a wand of digging (7)
 E - a wand of flame (47)
 H - a wand of enslavement (16)
Scrolls
 c - 5 scrolls of teleportation
 k - 3 scrolls of fog {unknown}
 t - 3 scrolls of identify
 v - 3 scrolls of noise {unknown}
 x - 2 scrolls of enchant armour
 y - 6 scrolls of remove curse
 A - 3 scrolls of fear {unknown}
 F - 2 scrolls of blinking {unknown}
 G - a scroll of summoning {unknown}
 I - a scroll of random uselessness {unknown}
 J - a scroll of amnesia {unknown}
 N - a scroll of enchant weapon {unknown}
 P - a scroll of magic mapping {unknown}
Potions
 d - 5 potions of haste
 e - a potion of flight
 f - a potion of agility
 j - a potion of resistance
 m - 4 potions of lignification
 q - 9 potions of curing
 u - 3 potions of might
 w - a potion of degeneration {unknown}
 C - 7 potions of heal wounds
 D - a potion of mutation {unknown}
 S - a potion of ambrosia {unknown}
Books
 B - a book of Air

   Spells                             Type                      Level
   a - Shock                          Conjuration/Air              1
   b - Swiftness                      Charms/Air                   2
   c - Static Discharge               Conjuration/Air              3
   d - Airstrike                      Air                          4
   e - Lightning Bolt                 Conjuration/Air              5
 R - a book of Misfortune

   Spells                             Type                      Level
   a - Confusing Touch                Hexes                        1
   b - Confuse                        Hexes                        3
   c - Gell's Gravitas                Translocation                3
   d - Petrify                        Transmutation/Earth          4
   e - Metabolic Englaciation         Hexes/Ice                    5
   f - Yara's Violent Unravelling     Hexes/Transmutation          5
Comestibles
 b - 12 rations


   Skills:
 + Level 7.6(6.1) Fighting
 - Level 2.4(1.0) Dodging
 - Level 1.0(0.0) Stealth
 + Level 1.5(0.2) Shields
 * Level 12.2(10.5) Unarmed Combat
 + Level 4.2(2.8) Invocations


You had 9 spell levels left.
You didn't know any spells.

Dungeon Overview and Level Annotations

Branches:
Dungeon (10/15)            Temple (1/1) D:5            Lair (1/6) D:8
    Orc (0/2) D:10

Altars:
Ashenzari
Cheibriados
Dithmenos
Elyvilon
Fedhas
Gozag
Hepliaklqana
Kikubaaqudgha
Makhleb
Nemelex Xobeh
Okawaru
Qazlal
Ru
Sif Muna
Trog
Uskayaw
Vehumet
Wu Jian
Xom
Yredelemnul
Zin
The Shining One

Shops:
D:10 (%%:

Annotations:
Lair:1 exclusion: 2 oklob plants


Innate Abilities, Weirdness & Mutations

You are too large for most types of armour.
You have claws for hands.
Your metabolism is lightning-fast.
You like to eat raw meat.
Your natural rate of healing is unusually fast.
You are covered in fur. (AC +1)
You have very tough skin. (AC +2)


Message History

The black mamba bites you but does no damage.
The water moccasin bites you.
* * * LOW HITPOINT WARNING * * *
The bullfrog hits you but does no damage.
You scratch the bullfrog.
The bullfrog is severely wounded.
You feel sick. The black mamba barely misses you. The water moccasin bites you.
* * * LOW HITPOINT WARNING * * *
The bullfrog barely misses you.
The black mamba bites you but does no damage.
You feel better.
The bullfrog hits you but does no damage.
The water moccasin completely misses you.
The black mamba bites you!
* * * LOW HITPOINT WARNING * * *
The bullfrog barely misses you. The water moccasin barely misses you.
Unknown command.
As you read the scroll of teleportation, it crumbles to dust.
You feel strangely unstable. The black mamba bites you!!
You die...

.>......## ###....=........[...#
.........## ####...............##
..........###....P.#........#..#
..........#...PPPP..P#..####...#
..........PPPP........##.......##
..............P.....P.###..###...
...............P...P..P#..## ####
.........PP.PP####P....#..# #
........)..P.P#S@#...PP..##
..............tFS#P......#
........#....P####...PP.##
......###...P.P.P.P.P.P.####
.#..### ##..P......P.......#
.#### #....PPP..........# .##
##PP..P.P.P.......# ..#
###.....P.......## ..#
###...........#


You could see a black mamba, a water moccasin, a crocodile and a bullfrog.

Vanquished Creatures
  Sigmund (D:4)
  3 yaks (D:10)
  A hungry ghost (D:8)
  Edmund (D:5)
  A water moccasin (D:10)
  3 ice beasts
  2 porcupines (D:8)
  A phantom (D:5)
  3 eyes of draining
  2 orc warriors
  2 sky beasts
  A black bear (D:9)
  7 ogres
  4 centaurs
  2 crocodiles (D:8)
  7 bullfrogs
  A wyvern skeleton (D:9)
  4 scorpions
  3 killer bees (D:8)
  5 wights (D:7)
  A howler monkey (D:4)
  3 crimson imps
  7 hounds
  4 orc wizards
  4 orc priests
  2 bullfrog skeletons
  3 iguanas
  Ijyb (D:5)
  8 worker ants
  2 hound zombies
  8 mummies (Ossuary)
  A worker ant zombie (D:10)
  Robin (D:3)
  18 adders
  5 gnolls (D:4)
  A river rat (D:6)
  2 shadow imps
  2 oozes
  An adder skeleton (D:9)
  An adder zombie (D:5)
  A worm (D:2)
  A dart slug (D:3)
  10 leopard geckos
  27 orcs
  2 bats
  2 bat skeletons (D:2)
  A bat zombie (D:2)
  5 giant cockroaches
  A gnoll zombie (Ossuary)
  15 goblins
  8 hobgoblins
  17 jackals
  3 quokkas
  4 ball pythons
  A ball python skeleton (D:2)
  A ball python zombie (D:2)
  10 frilled lizards
  2 hobgoblin zombies (Ossuary)
  A jackal skeleton (D:4)
  14 kobolds
  A kobold zombie (Ossuary)
  4 orc zombies (Ossuary)
  A quokka skeleton (D:8)
  13 rats
274 creatures vanquished.

Vanquished Creatures (others)
  A fungus (D:8)
  A plant (Lair:1)
2 creatures vanquished.

Grand Total: 276 creatures vanquished

Notes
Turn   | Place    | Note
-------+----------+-------------------------------------------
     0 | D:1      | Loge the Troll Monk began the quest for the Orb.
     0 | D:1      | Reached XP level 1. HP: 22/22 MP: 0/0
   317 | D:1      | Reached XP level 2. HP: 25/29 MP: 1/1
   953 | D:2      | Reached skill level 4 in Unarmed Combat
   953 | D:2      | Reached XP level 3. HP: 28/36 MP: 2/2
  1217 | D:2      | Found an ancient bone altar of Kikubaaqudgha.
  1367 | D:2      | Reached XP level 4. HP: 45/45 MP: 3/3
  1825 | D:3      | Reached skill level 5 in Unarmed Combat
  1829 | D:3      | Reached XP level 5. HP: 41/53 MP: 4/4
  2050 | D:3      | Noticed Robin
  2128 | D:3      | Killed Robin
  2328 | D:3      | Found an opulent altar of Gozag.
  2402 | D:3      | Found a glowing silver altar of Zin.
  2806 | D:4      | Found a sacrificial altar of Ru.
  2812 | D:4      | Reached XP level 6. HP: 54/62 MP: 5/5
  2952 | D:4      | Reached skill level 6 in Unarmed Combat
  2987 | D:4      | Found a sand-covered staircase.
  2992 | Ossuary  | Entered an ossuary
  3287 | D:4      | Found a radiant altar of Vehumet.
  3465 | D:4      | Reached XP level 7. HP: 70/70 MP: 6/6
  3483 | D:4      | Reached skill level 7 in Unarmed Combat
  3557 | D:4      | Noticed Sigmund
  3591 | D:4      | Killed Sigmund
  3944 | D:5      | Entered Level 5 of the Dungeon
  4003 | D:5      | Noticed Ijyb
  4053 | D:5      | Reached skill level 8 in Unarmed Combat
  4064 | D:5      | Reached skill level 5 in Fighting
  4094 | D:5      | Killed Ijyb
  4149 | D:5      | Found an iron altar of Okawaru.
  4182 | D:5      | Reached XP level 8. HP: 80/80 MP: 7/7
  4290 | D:5      | Found a bloodstained altar of Trog.
  4371 | D:5      | Reached skill level 9 in Unarmed Combat
  4398 | D:5      | Noticed Edmund
  4413 | D:5      | Killed Edmund
  4440 | D:5      | Found a staircase to the Ecumenical Temple.
  4449 | Temple   | Entered the Ecumenical Temple
  4679 | Temple   | Became a worshipper of Makhleb the Destroyer
  4679 | Temple   | Reached * piety under Makhleb
  4679 | Temple   | Reached ** piety under Makhleb
  4879 | D:5      | Found a white marble altar of Elyvilon.
  5103 | D:6      | Found a snail-covered altar of Cheibriados.
  5140 | D:6      | Reached skill level 10 in Unarmed Combat
  5142 | D:6      | Reached XP level 9. HP: 55/89 MP: 8/8
  5387 | D:6      | Found a glowing drain.
  5395 | Sewer    | Entered a sewer
  6502 | D:7      | Reached skill level 1 in Invocations
  6591 | D:7      | Reached *** piety under Makhleb
  6749 | D:7      | Reached skill level 11 in Unarmed Combat
  7542 | D:8      | Reached XP level 10. HP: 99/102 MP: 11/11
  7569 | D:8      | Reached **** piety under Makhleb
  7677 | D:8      | Found a staircase to the Lair.
  8108 | D:9      | Noticed a hand axe
  8108 | D:9      | Noticed a hand axe
  8120 | D:9      | Found a hide-covered altar of Uskayaw.
  8120 | D:9      | Found a shadowy altar of Dithmenos.
  8190 | D:9      | Found a shattered altar of Ashenzari.
  8310 | D:9      | Found a basalt altar of Yredelemnul.
  8367 | D:9      | Reached skill level 12 in Unarmed Combat
  8810 | D:10     | Entered Level 10 of the Dungeon
  8810 | D:10     | Found Noteg's Food Shop.
  8831 | D:10     | Found a staircase to the Orcish Mines.
  9020 | D:10     | Reached skill level 1 in Shields
  9073 | D:10     | Found Lassik's Antique Weapon Boutique.
  9175 | D:10     | Found Lucim's Book Shop.
  9225 | D:10     | Found Quopov's Food Boutique.
  9450 | Lair:1   | Entered Level 1 of the Lair of Beasts
  9450 | Lair:1   | Noticed an oklob plant
  9450 | Lair:1   | Noticed an oklob plant
  9452 | Lair:1   | Noticed a black mamba
  9480 | D:8      | Mangled by a black mamba

Skill      XL: |  1  2  3  4  5  6  7  8  9 10 |
---------------+-------------------------------+-----
Unarmed Combat | 4 5 6 8 10 11 12 | 12.2
Fighting       | 3 4 5 6 7 |  7.6
Invocations    | 3 4 |  4.2
Shields        | 1 |  1.5
Dodging        | |  2.4
Stealth        | |  1.0

Action                   |  1- 3 |  4- 6 |  7- 9 | 10-12 || total
-------------------------+-------+-------+-------+-------++-------
Melee: Unarmed           |    86 |   193 |   365 |   115 ||   759
       Punch             |       |     6 |    20 |     6 ||    32
Throw: Tomahawk          |       |       |     1 |       ||     1
Invok: Lesser Servant of |       |       |       |     1 ||     1
Evoke: Wand              |       |     1 |       |       ||     1
  Use: Scroll            |       |       |    11 |     2 ||    13
       Potion            |       |       |       |     1 ||     1
 Stab: Sleeping          |     3 |     6 |     4 |     2 ||    15
       Distracted        |       |       |       |     1 ||     1
  Eat: Chunk             |    17 |    18 |    41 |    24 ||   100
Armor: Robe              |    33 |    62 |    93 |    35 ||   223
Dodge: Dodged            |    44 |    98 |   154 |    56 ||   352
